 Dungeon Crawl Stone Soup version 0.16.0 (webtiles) character file.

21709 Sixotanaka the Brawler (level 12, -1/100 HPs)
             Began as a Troll Warper on Mar 17, 2015.
             Was the Champion of Makhleb.
             Slain by a blink frog (14 damage)
             ... on level 6 of the Lair of Beasts.
             The game lasted 00:34:18 (11788 turns).

Sixotanaka the Brawler (Troll Warper)              Turns: 11788, Time: 00:34:18

Health: -1/100     AC:  6    Str: 26    XL:     12   Next: 56%
Magic:  14/14      EV: 14    Int: 13    God:    Makhleb [******]
Gold:   819        SH:  0    Dex: 13    Spells: 5 memorised, 1 level left

rFire  . . .     SeeInvis .       - Unarmed
rCold  . . .     Clarity  .     R - +0 robe of the Imp {Int+4}
rNeg   . . .     SustAb   .     (shield restricted)
rPois  +         Gourm    +     (helmet restricted)
rElec  .         Spirit   .     i - +0 cloak
rCorr  .         Warding  .     (gloves unavailable)
rMut   .         Stasis   .     (boots unavailable)
MR     .....                    g - amulet of rage
Stlth  +.........               q - ring of poison resistance
                                B - +4 ring of strength

@: not resistant to hostile enchantments, very unstealthy
A: unfitting armour, claws 3, fast metabolism 3, gourmand, regeneration 2,
shaggy fur 1, tough skin 2
a: Minor Destruction, Lesser Servant of Makhleb, Major Destruction, Greater
Servant of Makhleb, Renounce Religion, Evoke Berserk Rage


You were on level 6 of the Lair of Beasts.
You worshipped Makhleb.
Makhleb was exalted by your worship.
You were completely stuffed.

You visited 2 branches of the dungeon, and saw 16 of its levels.
You also visited: Sewer.

You collected 819 gold pieces.


Innate Abilities, Weirdness & Mutations

You are too large for most types of armour.
You have claws for hands.
Your metabolism is lightning-fast.
You like to eat raw meat.
You heal very quickly.
You are covered in fur (AC +1).
You have very tough skin (AC +2).


   Skills:
 - Level 1.5 Fighting
 - Level 0.8 Throwing
 - Level 0.7 Armour
 * Level 8.1 Dodging
 - Level 17.0 Unarmed Combat
 - Level 1.2 Spellcasting
 - Level 2.1 Translocations
 + Level 4.6 Evocations


You had one spell level left.
You knew the following spells:

 Your Spells              Type           Power        Failure   Level  Hunger
a - Shroud of Golubria    Chrm/Tloc      #.........   30%         2    ###....
b - Blink                 Tloc           N/A          17%         2    ###....
e - Apportation           Tloc           #.........   12%         1    ##.....
g - Regeneration          Chrm/Necr      #.........   86%         3    ####...
y - Passage of Golubria   Tloc           N/A          91%         4    #####..


Dungeon Overview and Level Annotations

Branches:
Dungeon (9/15)             Temple (0/1) D:5            Lair (7/8) D:8
 Shoals (0/5) Lair:4
  Snake: Lair:3-6    Spider: Lair:3-6     Slime: Lair:6-8       Orc: D:9-12

Altars:
Kikubaaqudgha
Makhleb
Okawaru
Trog
The Shining One

Annotations:
D:5 edsrzf's ghost, experienced HESk
Lair:1 exclusion: downstairs
Lair:2 exclusion: hydra

Inventory:

Missiles
 b - 4 tomahawks
 e - 5 tomahawks of dispersal (quivered) {!f}
Armour
 i - a +0 cloak (worn)
 R - the +0 robe of the Imp (worn) {Int+4}
   (You found it on level 8 of the Dungeon)

   It affects your intelligence (+4).
Jewellery
 g - an amulet of rage (around neck)
 h - an uncursed ring of positive energy
 q - a ring of poison resistance (right claw)
 B - a +4 ring of strength (left claw)
 D - an uncursed ring of ice
Magical devices
 H - a wand of teleportation (4) {@v4}
 M - a wand of paralysis (10)
 T - a wand of cold (8)
Scrolls
 c - a scroll of fear {unknown}
 d - 4 scrolls of blinking
 j - 9 scrolls of remove curse {@r2}
 l - 4 scrolls of fog
 m - 2 scrolls of enchant armour
 n - 3 scrolls of recharging {unknown}
 w - a scroll of noise {unknown}
 x - a scroll of magic mapping
 y - 3 scrolls of immolation {unknown}
 C - a scroll of enchant weapon {unknown}
 S - 2 scrolls of vulnerability {unknown}
 U - a scroll of torment {unknown}
 W - a scroll of teleportation {unknown}
 Z - 2 scrolls of amnesia {unknown}
Potions
 f - 6 potions of curing {@q1}
 p - a potion of ambrosia {!q}
 r - 2 potions of flight
 s - a potion of brilliance
 v - a potion of resistance
 A - a potion of lignification {unknown}
 E - a potion of mutation {unknown}
 F - 4 potions of heal wounds {@q2}
 G - 2 potions of agility
 I - a potion of poison {unknown}
 J - a potion of cancellation {unknown}
 K - 2 potions of restore abilities
 L - 2 potions of might
 N - 2 potions of magic
 O - a potion of berserk rage {unknown}
 Q - a potion of cure mutation {unknown}
Books
 V - a book of the Dragon
Comestibles
 a - 9 meat rations
 k - 9 slices of pizza
 o - 10 bread rations
 t - 2 royal jellies
 u - 7 beef jerkies
 z - 14 chunks of flesh

##.[..............P
#................P.
##.................
#..................
#.....F...P.....,,,
##.#...#..PP.,,,,,,
#..##F##,...,,,*,**
##F..##,,,*.,,,****
*#@#.....#,*,,,,**,
#P†##F...#**,,,,,,,
#...*#..##*,,,,,,,,
*#...#*### *,,,,,,,,
*...##**,***,,,,,,,,
#.#..,,,,,,,,,,,,,,,
###..,,,,,,,,,,,**,,
*#..,,,,,,,,,,,,*,,
*...,,,,,,,,,,,,,,,


You could see 2 blink frogs.


Message History

The blink frog croaks.
The blink frog hits you.
The blink frog blinks!
The blink frog blinks!
You completely miss the blink frog. The blink frog hits you.
The blink frog blinks!
The blink frog momentarily phases out as your attack passes through it.
Your claw passes through the blink frog as it momentarily phases out.
The blink frog hits you!
You scratch the blink frog!
The blink frog begins to bleed from its wounds!
The blink frog blinks!
You completely miss the blink frog. The blink frog hits you!
The blink frog blinks!
You miss the blink frog.
Your claw passes through the blink frog as it momentarily phases out.
The blink frog hits you but does no damage.
The blink frog closely misses you.
You miss the blink frog.
Your claw passes through the blink frog as it momentarily phases out.
The blink frog barely misses you.
The blink frog blinks!
You miss the blink frog.
The blink frog hits you but does no damage.
You closely miss the blink frog. Your claw misses the blink frog.
The blink frog hits you.
* * * LOW HITPOINT WARNING * * *
The blink frog momentarily phases out as your attack passes through it.
Your claw misses the blink frog. The blink frog closely misses you.
The blink frog blinks!
The blink frog completely misses you.
Unknown command.
The blink frog momentarily phases out as your attack passes through it.
The blink frog is no longer bleeding.
The blink frog hits you.
* * * LOW HITPOINT WARNING * * *
The blink frog blinks! x2
The blink frog misses you.
You completely miss the blink frog. You completely miss the blink frog.
The blink frog barely misses you.
The blink frog blinks!
The blink frog momentarily phases out as your attack passes through it.
The blink frog barely misses you.
You completely miss the blink frog. Your claw misses the blink frog.
The blink frog hits you!
* * * LOW HITPOINT WARNING * * *
The blink frog momentarily phases out as your attack passes through it.
The blink frog hits you!
* * * LOW HITPOINT WARNING * * *
The blink frog blinks!
The blink frog hits you but does no damage.
The blink frog hits you.
* * * LOW HITPOINT WARNING * * *
The blink frog blinks!
You claw the blink frog!!
You kill the blink frog!
Makhleb accepts your kill.
You feel a little better.
The blink frog blinks!
You completely miss the blink frog. The blink frog hits you!
* * * LOW HITPOINT WARNING * * *
You completely miss the blink frog.
Your claw passes through the blink frog as it momentarily phases out.
The blink frog hits you.
* * * LOW HITPOINT WARNING * * *
The blink frog blinks!
The blink frog closely misses you.
You closely miss the blink frog. The blink frog closely misses you.
Unknown command.
You closely miss the blink frog. The blink frog hits you!
* * * LOW HITPOINT WARNING * * *
You scratch the blink frog.
The blink frog begins to bleed from its wounds!
Your claw passes through the blink frog as it momentarily phases out.
The blink frog hits you!
You die...

Action                   |  1- 3 |  4- 6 |  7- 9 | 10-12 || total
-------------------------+-------+-------+-------+-------++-------
Melee: Unarmed           |    53 |   141 |   293 |   487 ||   974
 Cast: Shroud of Golubri |       |       |       |     1 ||     1
  Use: Scroll            |     1 |     4 |     5 |    11 ||    21
       Potion            |       |       |       |     4 ||     4
 Stab: Sleeping          |       |     1 |       |       ||     1
  Eat: Chunk             |    14 |    14 |    35 |    54 ||   117

Vault maps used:
D:1:      dpeg_arrival_court, corexii_item_surrounded_by_moat
D:2:      kennysheep_the_goblin_king, gammafunk_temple_overflow_wave,
          first_bread, minmay_misc_feat_iff, bloody_makhleb
D:3:      kennysheep_big_flooded_room
D:4:      lemuel_round_altar, okawaru_ov_weapons_minmay, uniq_duvessa,
          uniq_menkaure, uniq_sigmund
D:5:      minmay_temple_entry_glass, gup_sewer_entry_spiral,
          kennysheep_another_room
D:7:      grunt_livestock, serial_bayou_ford_a, uniq_pikel
D:8:      minmay_lair_entry_grove, uniq_eustachio
D:9:      uniq_erolcha
Lair:2:   minmay_lindwurm_lava, grunt_megastairs_2, infiniplex_staircase_pool_2
Lair:3:   serial_bayou_pond_d, guppyfry_lair_drakes, serial_bayou_shore_a,
          serial_bayou_shore_b, grunt_megastairs_3
Lair:4:   shoals_dummy_entry, lemuel_fruit_fields, lemuel_fruit_tree
Lair:5:   serial_bayou_shore_b
Lair:6:   spider_nest_entry_a, minmay_slime_entry_oklob_open
Lair:7:   portal_ice_cave_entry_imps
Sewer:    sewer_co_scattered_pipes

Notes
Turn   | Place    | Note
--------------------------------------------------------------
     0 | D:1      | Sixotanaka, the Troll Warper, began the quest for the Orb.
     0 | D:1      | Reached XP level 1. HP: 19/19 MP: 2/2
   429 | D:1      | Reached XP level 2. HP: 27/27 MP: 2/2
   535 | D:1      | Reached skill level 3 in Unarmed Combat
   823 | D:1      | Learned a level 2 spell: Blink
   956 | D:2      | Reached XP level 3. HP: 17/33 MP: 3/3
   961 | D:2      | Reached skill level 4 in Unarmed Combat
  1032 | D:2      | Reached XP level 4. HP: 41/41 MP: 4/4
  1284 | D:2      | Found a burning altar of Makhleb.
  1313 | D:2      | Found a glowing golden altar of the Shining One.
  1313 | D:2      | Found an ancient bone altar of Kikubaaqudgha.
  1328 | D:2      | Became a worshipper of Makhleb the Destroyer
  1621 | D:2      | Reached skill level 5 in Unarmed Combat
  1877 | D:3      | Reached XP level 5. HP: 48/48 MP: 4/4
  1900 | D:3      | Acquired Makhleb's first power
  2281 | D:4      | Noticed Dowan
  2292 | D:4      | Noticed Duvessa
  2294 | D:4      | Killed Dowan
  2294 | D:4      | Reached skill level 6 in Unarmed Combat
  2299 | D:4      | Killed Duvessa
  2299 | D:4      | Reached XP level 6. HP: 49/55 MP: 5/5
  2301 | D:4      | Found a bloodstained altar of Trog.
  2382 | D:4      | Reached skill level 7 in Unarmed Combat
  2388 | D:4      | Noticed Sigmund
  2394 | D:4      | Killed Sigmund
  2485 | D:4      | Noticed Menkaure
  2510 | D:4      | Acquired Makhleb's second power
  2518 | D:4      | Killed Menkaure
  2518 | D:4      | Reached skill level 8 in Unarmed Combat
  2518 | D:4      | Reached XP level 7. HP: 62/62 MP: 5/5
  2678 | D:4      | Found an iron altar of Okawaru.
  2796 | D:5      | Entered Level 5 of the Dungeon
  2806 | D:5      | Found a staircase to the Ecumenical Temple.
  2930 | D:5      | Found a glowing drain.
  2934 | Sewer    | Entered a sewer
  2968 | Sewer    | Acquired Makhleb's third power
  3673 | D:5      | Reached skill level 9 in Unarmed Combat
  3828 | D:5      | Reached XP level 8. HP: 70/70 MP: 6/6
  3848 | D:5      | Reached skill level 10 in Unarmed Combat
  3884 | D:5      | Noticed edsrzf's ghost (experienced HESk)
  3898 | D:6      | Acquired Makhleb's fourth power
  3968 | D:6      | Reached skill level 11 in Unarmed Combat
  4990 | D:7      | Reached XP level 9. HP: 76/76 MP: 7/7
  5064 | D:7      | Noticed Pikel
  5071 | D:7      | Killed Pikel
  5071 | D:7      | Reached skill level 12 in Unarmed Combat
  5295 | D:7      | Reached skill level 13 in Unarmed Combat
  5333 | D:7      | Acquired Makhleb's fifth power
  5806 | D:8      | Found a staircase to the Lair.
  5830 | D:8      | Reached XP level 10. HP: 85/85 MP: 7/7
  5848 | D:8      | Reached skill level 14 in Unarmed Combat
  5881 | D:8      | Noticed Eustachio
  6246 | D:8      | Got a shimmering robe
  6500 | D:8      | Killed Eustachio
  6549 | D:8      | Reached skill level 15 in Unarmed Combat
  6594 | D:8      | Learned a level 3 spell: Regeneration
  6597 | D:8      | Learned a level 2 spell: Shroud of Golubria
  6820 | D:9      | Noticed Erolcha
  6835 | D:9      | Killed Erolcha
  7440 | D:5      | Identified the +0 robe of the Imp {Int+4} (You found it on level 8 of the Dungeon)
  7797 | Lair:1   | Entered Level 1 of the Lair of Beasts
  7820 | Lair:1   | Reached skill level 16 in Unarmed Combat
  7862 | Lair:1   | Reached XP level 11. HP: 92/92 MP: 7/7
  8767 | Lair:2   | Noticed an eight-headed hydra
  8787 | Lair:1   | HP: 17/92 [hippogriff (9)]
  8915 | Lair:2   | Reached skill level 17 in Unarmed Combat
  8966 | Lair:2   | Reached skill level 2 in Dodging
  8978 | Lair:3   | Reached skill level 3 in Dodging
  9013 | Lair:3   | Learned a level 4 spell: Passage of Golubria
  9272 | Lair:3   | Reached skill level 4 in Dodging
  9685 | Lair:3   | Reached skill level 1 in Evocations
 10086 | Lair:4   | Noticed a seven-headed hydra
 10191 | Lair:4   | Reached skill level 5 in Dodging
 10197 | Lair:4   | Reached skill level 2 in Evocations
 10222 | Lair:4   | Found a staircase to the Shoals.
 10493 | Lair:6   | Reached XP level 12. HP: 100/100 MP: 10/10
 10654 | Lair:5   | Reached skill level 6 in Dodging
 10699 | Lair:5   | Reached skill level 3 in Evocations
 10714 | Lair:5   | HP: 15/100 [blink frog (15)]
 10716 | Lair:5   | HP: 7/100 [blink frog (9)]
 10968 | Lair:5   | Noticed a death yak
 10968 | Lair:5   | Noticed a death yak
 10971 | Lair:5   | Noticed a death yak
 10978 | Lair:5   | Killed a death yak
 10980 | Lair:5   | Killed a death yak
 10981 | Lair:5   | Noticed a death yak
 10981 | Lair:5   | Noticed a death yak
 10983 | Lair:5   | Noticed a death yak
 10984 | Lair:5   | Killed a death yak
 10984 | Lair:5   | Reached skill level 7 in Dodging
 10985 | Lair:5   | Noticed a fire crab
 10990 | Lair:5   | Killed a death yak
 10994 | Lair:5   | Killed a death yak
 10994 | Lair:5   | Reached skill level 4 in Evocations
 10996 | Lair:5   | Killed a fire crab
 10998 | Lair:5   | Killed a death yak
 11630 | Lair:6   | Reached skill level 8 in Dodging
 11638 | Lair:7   | Noticed an eight-headed hydra
 11781 | Lair:6   | HP: 24/100 [blink frog (4)]
 11787 | Lair:6   | HP: 12/100 [blink frog (16)]
 11788 | Lair:6   | Slain by a blink frog

Vanquished Creatures
  6 death yaks (Lair:5)
  Erolcha (D:9)
  A fire crab (Lair:5)
  Pikel (D:7)
  3 elephants (Lair:4)
  2 black mambas
  6 spiny frogs
  A fire drake (Lair:4)
  A komodo dragon (Lair:5)
  A two-headed ogre (D:8)
  4 basilisks
  8 yaks
  7 blink frogs
  A wyvern (D:8)
  Eustachio (D:8)
  A deep elf mage (D:9)
  A hippogriff (Lair:1)
  A human (D:7)
  2 hungry ghosts
  5 wolves
  Menkaure (D:4)
  14 porcupines
  An ice beast (D:5)
  2 orc warriors (D:8)
  3 water moccasins
  A sky beast (D:5)
  2 black bears
  A slave (D:7)
  A wasp (D:9)
  A phantom (D:7)
  6 ogres
  A necrophage (D:8)
  6 crocodiles
  Sigmund (D:4)
  Duvessa (D:4)
  14 giant frogs
  2 gnoll sergeants
  2 big kobolds
  A wyvern skeleton (D:8)
  7 scorpions
  4 killer bees (D:9)
  2 electric eels (D:7)
  6 crimson imps
  2 goliath beetles
  Dowan (D:4)
  A centaur zombie (D:6)
  2 orc priests
  A giant frog skeleton (D:6)
  6 hounds
  2 centaur skeletons
  6 worker ants
  4 orc wizards
  8 iguanas
  19 sheep
  A hound skeleton (D:7)
  2 worker ant zombies
  13 gnolls
  20 adders
  29 river rats
  4 shadow imps
  A worm (D:2)
  7 giant mites
  2 adder skeletons
  4 giant geckos
  An ooze (D:4)
  20 orcs
  3 bat skeletons
  A bat zombie (D:5)
  4 giant cockroaches
  11 hobgoblins
  23 kobolds
  12 quokkas
  5 ball pythons
  15 bats
  A giant gecko skeleton (D:6)
  2 giant gecko zombies
  10 giant newts
  13 goblins
  24 jackals
  A quokka skeleton (D:4)
  15 rats
  2 ballistomycetes (D:6)
  A plant (Sewer)
433 creatures vanquished.

Vanquished Creatures (others)
  A slave (D:7)
  A sky beast (D:7)
  A centaur zombie (D:7)
  A giant spore (D:6)
4 creatures vanquished.

Grand Total: 437 creatures vanquished
